Map: Oceanborn LE

Players

ohmygodism - Winner!

  • Race: Zerg Zerg
  • League: Gold
  • Spawn Location: 5:00

Jjo

  • Race: Protoss Protoss
  • League: Gold
  • Spawn Location: 11:00

VOD

Have the link to the VOD?

Description

Time

  • Played on: Dec. 18, 2023, 6:36 a.m.
  • Length: 13:51
Show
View Real Time Build Order
Export as new Build Order

ohmygodism Zerg - Winner!

Build Orders: Hatch First 

Get SALT Encoding   

  12  0:02  Drone  
  13  0:15  Drone  
  13  0:21  Extractor  
  13  0:22  Drone x2, Extractor  
  16  0:39  Overlord  
  16  0:40  Overlord  
  16  1:03  Hatchery  
  15  1:08  Extractor  
  15  1:11  Extractor  
  13  1:17  Spawning Pool  
  12  1:32  Drone x3  
  15  1:44  Drone  
  16  2:13  Roach Warren  
  15  2:19  Zergling x8  
  19  2:54  Roach x5  
  28  3:20  Roach x4  
  35  3:35  Zergling x2  
  35  3:36  Zergling x2  
  35  3:58  Lair  
  35  4:16  Zergling x2  
  36  4:18  Overlord  
  36  4:19  Overlord x4  
  32  4:45  Queen  
  32  4:47  Drone  
  32  4:48  Drone x3  
  26  5:38  Zergling x2  
  26  5:39  Zergling x10  
  28  5:48  Spore Crawler  
  27  5:50  Spore Crawler  
  26  5:58  Spore Crawler, Hatchery  
  24  6:15  Hydralisk Den  
  24  6:17  Glial Reconstitution  
  23  6:19  Drone x3  
  23  6:23  Drone  
  21  6:35  Metabolic Boost  
  21  6:59  Hydralisk  
  21  7:00  Hydralisk x2  
  25  7:08  Hydralisk  
  27  7:24  Drone  
  27  7:25  Drone x2  
  30  7:35  Grooved Spines  
  30  7:41  Hydralisk  
  32  7:45  Hydralisk  
  34  7:53  Hydralisk  
  36  8:00  Hydralisk  
  38  8:07  Hydralisk  
  40  8:14  Hydralisk  
  42  8:32  Hydralisk x2  
  46  8:34  Hydralisk  
  46  8:41  Hydralisk  
  49  9:08  Zergling x12  
  55  9:14  Roach  
  55  9:15  Roach  
  59  9:20  Roach  
  61  9:26  Drone  
  61  9:27  Drone  
  61  9:31  Drone  
  64  9:48  Zergling x2  
  64  9:49  Zergling x8  
  64  10:30  Hydralisk x2  
  64  10:31  Hydralisk x2  
  70  11:45  Hatchery x2  
  68  11:51  Overlord x2  
  68  11:52  Overlord  
  62  13:22  Hatchery  
Show
View Real Time Build Order
Export as new Build Order

Jjo Protoss 

Build Orders: 1 Gate Expand, Oracle Opening 

Get SALT Encoding   

  12  0:00  Probe  
  13  0:12  Probe  
  14  0:22  Pylon  
  14  0:24  Probe  
  15  0:40  Probe  
  16  0:43  Gateway  
  16  0:52  Probe  
  17  1:13  Nexus  
  17  1:16  Probe  
  18  1:20  Assimilator  
  18  1:28  Probe  
  19  1:41  Cybernetics Core  
  19  1:47  Cybernetics Core  
  19  1:52  Assimilator  
  19  1:58  Probe (Chrono Boost)  
  20  2:04  Pylon  
  21  2:10  Probe (Chrono Boost)  
  21  2:17  Probe (Chrono Boost)  
  22  2:26  Probe (Chrono Boost)  
  22  2:27  Stalker  
  26  2:34  Probe (Chrono Boost)  
  27  2:38  Probe (Chrono Boost)  
  27  2:43  Assimilator, Probe (Chrono Boost)  
  27  2:44  Probe (Chrono Boost)  
  29  2:52  Probe  
  29  2:54  Probe  
  31  3:06  Stargate, Probe  
  30  3:27  Pylon  
  30  3:29  Pylon  
  30  3:40  Probe (Chrono Boost)  
  33  3:49  Probe (Chrono Boost)  
  33  3:50  Stargate, Probe (Chrono Boost)  
  33  3:55  Forge  
  33  3:56  Oracle (Chrono Boost)  
  38  4:09  Probe  
  37  4:17  Pylon  
  37  4:19  Pylon  
  37  4:20  Pylon  
  35  4:34  Void Ray (Chrono Boost)  
  36  4:52  Nexus  
  15  5:35  Void Ray  
  15  5:54  Pylon  
  15  6:10  Probe  
  16  6:37  Probe (Chrono Boost)  
  19  6:47  Probe (Chrono Boost)  
  19  6:48  Probe (Chrono Boost)  
  19  6:57  Probe (Chrono Boost)  
  20  7:05  Probe  
  21  7:08  Probe  
  23  7:23  Probe x2 (Chrono Boost)  
  24  7:34  Probe x2 (Chrono Boost)  
  26  7:42  Photon Cannon  
  26  7:53  Gateway  
  26  8:02  Probe (Chrono Boost)  
  26  8:04  Probe (Chrono Boost)  
  28  8:12  Probe (Chrono Boost)  
  30  8:15  Probe (Chrono Boost)  
  30  8:19  Probe  
  30  8:24  Probe  
  32  8:31  Probe  
  33  9:00  Probe  
  33  9:02  Probe  
  35  9:09  Cybernetics Core  
  35  9:15  Probe (Chrono Boost)  
  35  9:16  Probe (Chrono Boost)  
  38  9:18  Photon Cannon  
  38  9:19  Photon Cannon, Probe (Chrono Boost)  
  39  9:25  Probe (Chrono Boost)  
  39  9:27  Probe (Chrono Boost)  
  39  9:28  Probe (Chrono Boost)  
  39  9:30  Probe (Chrono Boost)  
  45  9:35  Void Ray  
  45  9:36  Probe  
  48  9:38  Probe (Chrono Boost)  
  48  9:42  Probe (Chrono Boost)  
  48  9:43  Photon Cannon  
  51  9:53  Probe (Chrono Boost)  
  51  9:54  Probe (Chrono Boost)  
  51  9:55  Assimilator  
  51  9:57  Probe (Chrono Boost)  
  52  10:02  Probe (Chrono Boost)  
  52  10:03  Probe (Chrono Boost)  
  52  10:06  Probe (Chrono Boost)  
  55  10:07  Probe (Chrono Boost)  
  55  10:09  Probe (Chrono Boost)  
  57  10:15  Probe  
  60  10:27  Probe  
  61  10:35  Void Ray  
  47  10:48  Probe  
  47  11:00  Probe  
  51  11:23  Pylon  
  35  11:25  Pylon  
  35  11:28  Pylon  
  33  11:41  Probe  
  30  11:54  Probe  
  31  12:07  Probe  
  31  12:08  Nexus  
  32  12:09  Pylon  
  32  12:11  Pylon  
  32  12:13  Pylon  
  32  12:14  Pylon  
  31  12:19  Probe  
Tags
 
Add a new tag
Caveats
  • Supply blocks, unpowered buildings, or Contaminate may cause inaccurate times.
  • Supply counts are checked every 10 seconds.